 Dungeon Sprint DCSS version 0.29.1-2-gbd0b4ee654 (webtiles) character file.

Game seed: 8477105427188921679

6788 boopmooplesden the Severer (level 10, -1/160 HPs)
             Began as a Minotaur Berserker on Nov 23, 2022.
             Was the Champion of Trog.
             Slain by Donald
             ... wielding a +2 war axe of holy wrath
              (34 damage)
             ... in the Dungeon (Sprint III: "The Ten Rune Challenge").
             The game lasted 00:05:03 (2268 turns).

boopmooplesden the Severer (Minotaur Berserker)     Turns: 2268, Time: 00:05:04

Health: -1/160     AC: 14    Str: 26    XL:     10   Next: 76%
Magic:  3/3        EV: 10    Int:  4    God:    Trog [******]
Gold:   3072       SH:  0    Dex: 10    Spells: 9/9 levels left

rFire   + . .      SeeInvis .   v - +3 triple sword (antimagic)
rCold   . . .      Faith    .   (shield currently unavailable)
rNeg    . . .      Spirit   .   w - +0 plate armour
rPois   +          Reflect  .   (helmet unavailable)
rElec   .          Harm     .   (no cloak)
rCorr   .          Rampage  .   (no gloves)
Will    +....      NoTele   +   p - +0 pair of boots
Stlth   ..........              (no amulet)
HPRegen 0.36/turn               i - ring of poison resistance
MPRegen 0.08/turn               (no ring)

@: berserking (expiring), slowed
A: horns 3, retaliatory headbutt, talons 1, fire resistance 1, strong-willed 1,
wild magic 1
a: Renounce Religion, Berserk, Trog's Hand, Brothers in Arms


You were in the Dungeon.
You worshipped Trog.
Trog was exalted by your worship.
You visited 1 branch You collected 3072 gold pieces.

Inventory:

Hand Weapons
 a - a +0 hand axe
 q - a +0 long sword of holy wrath
 s - a +1 scimitar of flaming
 u - a +3 battleaxe
 v - a +3 antimagic triple sword (weapon)
 x - a +4 demon blade of flaming
Armour
 b - a +0 animal skin
 p - a +0 pair of boots (worn)
 t - a +0 robe of willpower
 w - a +0 plate armour (worn)
Jewellery
 i - a ring of poison resistance (left hand)
Scrolls
 h - a scroll of blinking
 j - a scroll of immolation {unknown}
 k - a scroll of identify {unknown}
 m - a scroll of torment {unknown}
 n - a scroll of enchant armour {unknown}
Potions
 c - 2 potions of curing
 d - a potion of heal wounds
 e - a potion of haste
 f - 2 potions of magic
 g - a potion of berserk rage
 l - 4 potions of flight
 o - a potion of might
Miscellaneous
 r - a condenser vane


   Skills:
 + Level 15.9 Fighting
 + Level 12.1 Long Blades
 + Level 18.1 Axes
 + Level 7.6 Armour
 + Level 11.8 Dodging
 + Level 5.3 Stealth
 + Level 1.1 Evocations


You had 9 spell levels left.
You didn't know any spells.
Your spell library was empty.

Dungeon Overview and Level Annotations

Branches:
Dungeon (1/1)

Altars:
Cheibriados
Dithmenos
Elyvilon
Fedhas
Gozag
Hepliaklqana
Kikubaaqudgha
Makhleb
Nemelex Xobeh
Okawaru
Qazlal
Ru
Sif Muna
Trog
Uskayaw
Vehumet
Wu Jian
Xom
Yredelemnul
Zin
The Shining One
Jiyva
Lugonu

Shops:
D !

Annotations:
D Donald, Frances


Innate Abilities, Weirdness & Mutations

You have a pair of large horns on your head.
You reflexively headbutt those who attack you in melee.
You have sharp toenails.
Your flesh is heat resistant. (rF+)
You are strong-willed. (Will+)
Your spells are a little harder to cast, but a little more powerful.


Message History

You start waiting.
You start waiting.
Done waiting.
You open the door.
Donald and Frances come into view.
Donald is wielding a +2 war axe of holy wrath and wearing a +0 kite shield of reflection.
Frances is wielding a +1 war axe of holy wrath and quivering curare-tipped darts.
Donald shouts!
Frances shouts!
Frances throws a curare-tipped dart.
The curare-tipped dart hits you.
You have difficulty breathing.
You feel yourself slow down.
A red film seems to cover your vision as you go berserk!
You feel yourself moving faster!
You feel mighty! Donald closely misses you. You furiously retaliate!
You headbutt Donald!! You slash Donald!
Donald's magic leaks into the air.
Donald is moderately wounded.
Donald's magic is no longer disrupted.
Donald casts a spell.
Donald seems to grow stronger.
Donald blocks your attack.
Donald is moderately wounded.
Donald hits you with a +2 war axe of holy wrath!!!
You slice Donald!!
Donald's magic leaks into the air.
Donald is heavily wounded.
Donald hits you with a +2 war axe of holy wrath!
Donald blocks your attack.
Donald is heavily wounded.
Donald hits you with a +2 war axe of holy wrath!!
Donald mumbles some strange words.
Donald seems to speed up.
Donald blocks your attack.
You headbutt Donald!!
Donald is severely wounded.
Donald hits you with a +2 war axe of holy wrath!!
Donald blocks your attack.
Donald is severely wounded.
Donald barely misses you.
Donald hits you with a +2 war axe of holy wrath!!
* * * LOW HITPOINT WARNING * * *
Donald blocks your attack.
Donald is severely wounded.
Donald hits you with a +2 war axe of holy wrath!!
You die...

###########################
)~~§'.#.'...'.#.#.#.)†..†≈#
#~§§#.#.#.).##.#.#)##†..~≈#
#..§#.#.#)).#.#.#.#.#.††~≈≈≈
#..§#...#...##.#.#.##†..~~~~
▓▓▓▓▓▓▓▓▓▓▓▓#.#.#.#.#..††...
##.#.#.##†......
+.#@#.#.#.......
##.#@#.######### #@##### ...
#...# #...# #####


You could see Donald (fast, strong, magic disrupted, reflecting).

Vanquished Creatures
  Erica (D)
  A centaur warrior (D)
  3 orc high priests (D)
  An orc knight (D)
  A deep elf pyromancer (D)
  An unseen horror (D)
  A queen bee (D)
  A shadow (D)
  A spatial vortex (D)
  2 orc warriors (D)
  2 centaurs (D)
  An earth elemental (D)
  A necrophage (D)
  A water elemental (D)
  32 killer bees (D)
  A jelly (D)
  5 orc priests (D)
  A wizard (D)
  A necromancer (D)
  3 humans (D)
  A kobold demonologist (D)
  A wolf (D)
  7 orcs (D)
  2 endoplasms (D)
  2 rats (D)
74 creatures vanquished.

Notes
Turn   | Place    | Note
-------+----------+-------------------------------------------
     0 | D        | boopmooplesden the Minotaur Berserker began the quest for
                  | the Orb.
     0 | D        | Reached XP level 1. HP: 19/19 MP: 0/0
    12 | D        | Reached skill level 4 in Axes
    32 | D        | Reached ** piety under Trog
    41 | D        | Noticed a wolf
    44 | D        | Killed a wolf
    45 | D        | Reached skill level 5 in Fighting
    45 | D        | Reached skill level 5 in Axes
    45 | D        | Reached XP level 2. HP: 29/29 MP: 1/1
    52 | D        | Reached XP level 3. HP: 36/37 MP: 2/2
    74 | D        | Gained mutation: You possess an exceptional clarity of
                  | mind. [potion of mutation]
    74 | D        | Gained mutation: Your movements are slightly less
                  | encumbered by armour. (ER -2) [potion of mutation]
    74 | D        | Gained mutation: You expend magic power (3 MP) to
                  | strengthen your wands. [potion of mutation]
    75 | D        | Lost mutation: You possess an exceptional clarity of mind.
                  | [potion of mutation]
    75 | D        | Lost mutation: Your movements are slightly less encumbered
                  | by armour. (ER -2) [potion of mutation]
    75 | D        | Gained mutation: You passively map a small area around you.
                  | [potion of mutation]
    75 | D        | Gained mutation: You are dopey. (Int -2) [potion of
                  | mutation]
    75 | D        | Gained mutation: You are partially covered in iridescent
                  | scales. (AC +2) [potion of mutation]
    76 | D        | Lost mutation: You are partially covered in iridescent
                  | scales. (AC +2) [potion of mutation]
    76 | D        | Lost mutation: You passively map a small area around you.
                  | [potion of mutation]
    76 | D        | Gained mutation: Your muscles are strong. (Str +4, Int/Dex
                  | -1) [potion of mutation]
    76 | D        | Gained mutation: You possess an exceptional clarity of
                  | mind. [potion of mutation]
    77 | D        | Lost mutation: You are dopey. (Int -2) [potion of mutation]
    77 | D        | Lost mutation: Your muscles are strong. (Str +4, Int/Dex
                  | -1) [potion of mutation]
    77 | D        | Gained mutation: Your flesh is heat resistant. (rF+)
                  | [potion of mutation]
    77 | D        | Lost mutation: Your flesh is heat resistant. (rF+) [potion
                  | of mutation]
    77 | D        | Gained mutation: Your spells are a little harder to cast,
                  | but a little more powerful. [potion of mutation]
    78 | D        | Lost mutation: You possess an exceptional clarity of mind.
                  | [potion of mutation]
    78 | D        | Lost mutation: You expend magic power (3 MP) to strengthen
                  | your wands. [potion of mutation]
    78 | D        | Gained mutation: You have a pair of large horns on your
                  | head. [potion of mutation]
    78 | D        | Gained mutation: You are strong-willed. (Will+) [potion of
                  | mutation]
    78 | D        | Gained mutation: Your flesh is heat resistant. (rF+)
                  | [potion of mutation]
    78 | D        | Gained mutation: You have sharp toenails. [potion of
                  | mutation]
   248 | D        | Noticed a water elemental
   254 | D        | Killed a water elemental
   254 | D        | Reached *** piety under Trog
   255 | D        | Reached skill level 7 in Axes
   255 | D        | Reached skill level 1 in Stealth
   255 | D        | Reached XP level 4. HP: 41/47 MP: 3/3
   369 | D        | Found a basalt altar of Yredelemnul.
   369 | D        | Found a shadowy altar of Dithmenos.
   369 | D        | Found a sacrificial altar of Ru.
   369 | D        | Noticed a necrophage
   373 | D        | Killed a necrophage
   374 | D        | Reached skill level 8 in Axes
   374 | D        | Reached XP level 5. HP: 53/53 MP: 4/4
   378 | D        | Reached skill level 9 in Axes
   434 | D        | Found a radiant altar of Vehumet.
   435 | D        | Found a shimmering blue altar of Sif Muna.
   435 | D        | Found an ancient bone altar of Kikubaaqudgha.
   443 | D        | Reached **** piety under Trog
   447 | D        | Reached skill level 5 in Armour
   447 | D        | Reached skill level 5 in Dodging
   538 | D        | Found a hide-covered altar of Uskayaw.
   538 | D        | Found an iron altar of Okawaru.
   538 | D        | Found a bloodstained altar of Trog.
   538 | D        | Found an ornate altar of the Wu Jian Council.
   538 | D        | Noticed a human
   538 | D        | Noticed a human
   544 | D        | Killed a human
   545 | D        | Reached skill level 10 in Fighting
   545 | D        | Reached skill level 11 in Axes
   545 | D        | Reached XP level 6. HP: 66/66 MP: 5/5
   547 | D        | Killed a human
   597 | D        | Found a glowing silver altar of Zin.
   598 | D        | Found a glowing golden altar of the Shining One.
   598 | D        | Found a white marble altar of Elyvilon.
   598 | D        | Noticed a deep elf pyromancer
   605 | D        | Killed a deep elf pyromancer
   605 | D        | Reached ***** piety under Trog
   606 | D        | Reached skill level 13 in Axes
   606 | D        | Reached XP level 7. HP: 75/75 MP: 6/6
   640 | D        | Noticed a shadow
   644 | D        | Killed a shadow
   645 | D        | Reached skill level 14 in Axes
   645 | D        | Reached XP level 8. HP: 75/83 MP: 7/7
   763 | D        | Found a blossoming altar of Fedhas.
   763 | D        | Found a stormy altar of Qazlal.
   763 | D        | Found a snail-covered altar of Cheibriados.
   763 | D        | Found a burning altar of Makhleb.
   763 | D        | Found a shimmering altar of Xom.
   764 | D        | Found a hazy altar of Hepliaklqana.
   764 | D        | Found an opulent altar of Gozag.
   764 | D        | Found a sparkling altar of Nemelex Xobeh.
   764 | D        | Found a corrupted altar of Lugonu.
   764 | D        | Found a viscous altar of Jiyva.
   773 | D        | Reached skill level 1 in Long Blades
   782 | D        | Noticed Erica
   896 | D        | Killed Erica
   897 | D        | Reached skill level 15 in Axes
  1330 | D        | Noticed a centaur warrior
  1339 | D        | Received a gift from Trog
  1340 | D        | Reached XP level 9. HP: 39/93 MP: 8/8
  1341 | D        | Killed a centaur warrior
  1342 | D        | Reached skill level 16 in Axes
  1637 | D        | Found Jompaad's Distillery.
  1637 | D        | Noticed an orc knight
  1637 | D        | Noticed an orc high priest
  1637 | D        | Noticed an orc high priest
  1637 | D        | Noticed an orc high priest
  1638 | D        | Noticed a smoke demon
  1642 | D        | Noticed a sixfirhy
  1645 | D        | Killed an orc high priest
  1646 | D        | Killed an orc high priest
  1646 | D        | Received a gift from Trog
  1647 | D        | Reached skill level 10 in Dodging
  1655 | D        | Killed an orc high priest
  1655 | D        | Killed an orc knight
  1655 | D        | Received a gift from Trog
  1656 | D        | Reached skill level 15 in Fighting
  1656 | D        | Reached skill level 10 in Long Blades
  1656 | D        | Reached skill level 17 in Axes
  1656 | D        | Reached skill level 5 in Stealth
  1656 | D        | Reached XP level 10. HP: 105/105 MP: 9/9
  1659 | D        | Reached ****** piety under Trog
  1842 | D        | Received a gift from Trog
  1855 | D        | Received a gift from Trog
  1855 | D        | Received a gift from Trog
  1856 | D        | Reached skill level 18 in Axes
  1856 | D        | Reached skill level 1 in Evocations
  1856 | D        | Received a gift from Trog
  2258 | D        | Noticed Donald
  2258 | D        | Noticed Frances
  2268 | D        | Slain by Donald

Illustrated notes

Levels and vault maps discovered:
D:        dungeon_sprint_mu [sprint_mu_entry_cave, sprint_mu_temple_rooms,
          sprint_mu_d1_horrors, sprint_mu_d2_genie, sprint_mu_d3_branching,
          sprint_mu_orc_legion, sprint_mu_elf_gauntlet, sprint_mu_hive_nellie,
          sprint_mu_lair_fedhas, sprint_mu_vaults_butterflies,
          sprint_mu_slime_circle, sprint_mu_swamp_cave, sprint_mu_shoals_archi,
          sprint_mu_blade_basic, sprint_mu_crypt_chambers,
          sprint_mu_tomb_spiral, sprint_mu_vestibule_basic,
          sprint_mu_gehenna_hellfire, sprint_mu_dis_giant,
          sprint_mu_tartarus_statrot, sprint_mu_cocytus_islands, sprint_mu_zot1]

Skill      XL: |  1  2  3  4  5  6  7  8  9 10 |
---------------+-------------------------------+-----
Fighting       | 5 7 8 10 11 12 13 15 | 15.9
Axes           | 5 7 8 11 13 14 15 17 18 | 18.1
Armour         | 3 4 5 6 7 |  7.6
Dodging        | 3 4 5 7 8 11 | 11.8
Stealth        | 1 2 3 4 5 |  5.3
Long Blades    | 4 10 12 | 12.1
Evocations     | 1 |  1.1

Action                   |  1- 3 |  4- 6 |  7- 9 | 10-12 || total
-------------------------+-------+-------+-------+-------++-------
Melee: Hand axe          |    16 |    26 |       |       ||    42
       Headbutt          |     3 |     2 |     9 |     5 ||    19
       Kick              |     1 |     6 |       |       ||     7
       Punch             |       |     1 |       |       ||     1
       Long sword        |       |       |    15 |       ||    15
       Scimitar          |       |       |    21 |       ||    21
       Battleaxe         |       |       |    10 |     3 ||    13
       Triple sword      |       |       |       |    36 ||    36
Invok: Berserk           |     2 |     4 |     4 |     2 ||    12
Evoke: Condenser vane    |       |       |     1 |     1 ||     2
  Use: Potion            |     5 |       |       |       ||     5
 Stab: Sleeping          |     2 |       |       |       ||     2
       Confused          |       |       |       |     1 ||     1
Armor: Animal skin       |     2 |     1 |     2 |       ||     5
       Robe              |       |       |    14 |       ||    14
       Plate armour      |       |       |       |    31 ||    31
Dodge: Dodged            |     7 |    12 |    41 |    23 ||    83
